 Dungeon Crawl Stone Soup version 0.26.0-10-g1f06aea511 (webtiles) character file.

Game seed: 4605997685683803100

179 Amaterasu the Charlatan (level 5, 0/36 (41) HPs)
             Began as a Gnoll Artificer on Jan 24, 2021.
             Was an Initiate of Nemelex Xobeh.
             Slain by a necrophage (2 damage)
             ... on level 3 of the Dungeon.
             The game lasted 00:06:41 (2999 turns).

Amaterasu the Charlatan (Gnoll Artificer)           Turns: 2999, Time: 00:06:45

HP:   0/36 (41)     AC:  4    Str: 14    XL:     5   Next: 59%
MP:   7/7           EV: 13    Int: 15    God:    Nemelex Xobeh [......]
Gold: 204           SH:  0    Dex: 15    Spells: 7/7 levels left

rFire    . . .     SeeInvis +   p - +3 war axe (drain)
rCold    . . .     Faith    .   (no shield)
rNeg     . . .     Spirit   .   b - +1 leather armour
rPois    .         Reflect  .   (no helmet)
rElec    .         Harm     .   (no cloak)
rCorr    .         Rampage  .   (no gloves)
Will     .....     Rnd*Tele +   (no boots)
Stlth    ++........             (no amulet)
HPRegen  0.12/turn              v - ring of teleportation (curse)
MPRegen  0.10/turn              s - ring of see invisible

@: heavily drained
A: distributed training, fangs 1, strong nose
a: Renounce Religion, Draw Escape, Draw Destruction, Draw Summoning


You were on level 3 of the Dungeon.
You worshipped Nemelex Xobeh.
Nemelex Xobeh was noncommittal.
You visited 1 branch of the dungeon, and saw 4 of its levels.

You collected 204 gold pieces.

Inventory:

Hand Weapons
 p - a +3 war axe of draining (weapon)
Missiles
 a - 21 poisoned darts
 g - 140 stones (quivered)
 j - 67 arrows
 o - 41 bolts
Armour
 b - a +1 leather armour (worn)
 q - a +0 scale mail
Jewellery
 s - a ring of see invisible (right hand)
 v - a cursed ring of teleportation (left hand)
Wands
 c - a wand of flame (13)
 d - a wand of enslavement (15)
 e - a wand of random effects (15)
Scrolls
 h - 3 scrolls of teleportation
 t - a scroll of magic mapping
 w - a scroll of enchant weapon
Potions
 f - 3 potions of curing
 i - a potion of haste {unknown}
 k - a potion of brilliance {unknown}
 l - a potion of ambrosia {unknown}
 m - a potion of mutation {unknown}
 n - a potion of flight {unknown}
 r - a potion of might {unknown}
 x - a potion of magic {unknown}


   Skills:
 + Level 3.0 Fighting
 + Level 1.5 Short Blades
 + Level 1.5 Long Blades
 + Level 1.5 Axes
 + Level 1.5 Maces & Flails
 + Level 1.5 Polearms
 + Level 1.5 Staves
 + Level 1.5 Slings
 + Level 1.5 Bows
 + Level 1.5 Crossbows
 + Level 1.5 Throwing
 + Level 4.8 Armour
 + Level 3.0 Dodging
 + Level 2.8 Stealth
 + Level 1.5 Shields
 + Level 1.5 Unarmed Combat
 + Level 1.5 Spellcasting
 + Level 1.2 Conjurations
 + Level 1.2 Hexes
 + Level 1.2 Summonings
 + Level 1.2 Necromancy
 + Level 1.2 Translocations
 + Level 1.2 Transmutations
 + Level 1.2 Fire Magic
 + Level 1.2 Ice Magic
 + Level 1.2 Air Magic
 + Level 1.2 Earth Magic
 + Level 1.2 Poison Magic
 + Level 1.7 Invocations
 + Level 6.7 Evocations


You had 7 spell levels left.
You didn't know any spells.
Your spell library was empty.

Dungeon Overview and Level Annotations

Branches:
Dungeon (4/15)
 Temple: D:4-7

Altars:
Ashenzari
Kikubaaqudgha
Nemelex Xobeh
Uskayaw
Vehumet
Xom


Innate Abilities, Weirdness & Mutations

Your experience applies equally to all skills.
You have very sharp teeth.
Your uncanny sense of smell can sniff out nearby items.


Message History

The necrophage hits you.
* * * LOW HITPOINT WARNING * * *
The necrophage hits you but does no damage.
You barely miss the necrophage. Your bite misses the necrophage.
The necrophage is heavily damaged.
The necrophage hits you.
* * * LOW HITPOINT WARNING * * *
You slash the necrophage!
You bite the necrophage, but do no damage.
The necrophage is almost destroyed.
The necrophage hits you.
* * * LOW HITPOINT WARNING * * *
You feel drained. The necrophage closely misses you.
You closely miss the necrophage.
The necrophage is almost destroyed.
The necrophage hits you.
* * * LOW HITPOINT WARNING * * *
You feel drained.
You die...
Your body disappears without a glow.

..####.### #######
#.##.####.# ### ##.#
#########.##......# #
#..#
#.......#.######### #
###.### #.#####.#.#
###.....# #.#####.#.#
......#.# #.......†.#
#<<.[.#.####.##.##.###
................##.#
........####....@n.#
........# #.#####.#
#.....### #.......#
......# #########
#####.# #####.#
......# #####.# #.#


You could see a necrophage.

Vanquished Creatures
  An orc wizard (D:3)
  6 adders
  A white imp (D:2)
  2 oozes
  A worm (D:2)
  2 dart slugs
  7 orcs
  A ball python (D:1)
  9 bats
  A giant cockroach (D:1)
  4 hobgoblins
  4 jackals (D:3)
  A quokka (D:3)
  6 frilled lizards
  6 goblins
  11 kobolds
  10 rats
73 creatures vanquished.

Notes
Turn   | Place    | Note
-------+----------+-------------------------------------------
     0 | D:1      | Amaterasu the Gnoll Artificer began the quest for the Orb.
     0 | D:1      | Reached XP level 1. HP: 17/17 MP: 1/1
   207 | D:1      | Reached XP level 2. HP: 14/23 MP: 2/2
  1199 | D:2      | Reached XP level 3. HP: 28/28 MP: 3/3
  1200 | D:2      | Found a shimmering altar of Xom.
  1208 | D:2      | Found a hide-covered altar of Uskayaw.
  1271 | D:2      | Reached skill level 1 in Invocations
  1470 | D:2      | You fall into a shaft and drop 2 floors!
  1471 | D:4      | Noticed a necrophage
  1550 | D:2      | Reached skill level 1 in Short Blades
  1550 | D:2      | Reached skill level 1 in Long Blades
  1550 | D:2      | Reached skill level 1 in Axes
  1550 | D:2      | Reached skill level 1 in Maces & Flails
  1550 | D:2      | Reached skill level 1 in Polearms
  1550 | D:2      | Reached skill level 1 in Staves
  1550 | D:2      | Reached skill level 1 in Slings
  1550 | D:2      | Reached skill level 1 in Bows
  1550 | D:2      | Reached skill level 1 in Crossbows
  1550 | D:2      | Reached skill level 1 in Throwing
  1550 | D:2      | Reached skill level 1 in Shields
  1550 | D:2      | Reached skill level 1 in Unarmed Combat
  1550 | D:2      | Reached skill level 1 in Spellcasting
  1560 | D:2      | Reached XP level 4. HP: 27/34 MP: 5/5
  1721 | D:2      | Found an ancient bone altar of Kikubaaqudgha.
  1738 | D:2      | Reached skill level 1 in Conjurations
  1738 | D:2      | Reached skill level 1 in Hexes
  1738 | D:2      | Reached skill level 1 in Summonings
  1738 | D:2      | Reached skill level 1 in Necromancy
  1738 | D:2      | Reached skill level 1 in Translocations
  1738 | D:2      | Reached skill level 1 in Transmutations
  1738 | D:2      | Reached skill level 1 in Fire Magic
  1738 | D:2      | Reached skill level 1 in Ice Magic
  1738 | D:2      | Reached skill level 1 in Air Magic
  1738 | D:2      | Reached skill level 1 in Earth Magic
  1738 | D:2      | Reached skill level 1 in Poison Magic
  1834 | D:2      | Found a radiant altar of Vehumet.
  1942 | D:2      | Found a sparkling altar of Nemelex Xobeh.
  1965 | D:2      | Became a worshipper of Nemelex Xobeh the Trickster
  2315 | D:3      | Reached XP level 5. HP: 28/40 MP: 6/6
  2429 | D:3      | Found a broken altar of Ashenzari.
  2999 | D:3      | Slain by a necrophage

Illustrated notes

Levels and vault maps discovered:
D:1:      dpeg_arrival_snail, layout_loops_ring, hangedman_feature_mirror,
          hangedman_glass_teeth
D:2:      layout_rooms, nemelex_xobeh_ov_fountains_minmay, lemuel_round_altar,
          marbit_many_paths, lemuel_round_altar, xom_teletrap_fun
D:3:      layout_loops_cross, evilmike_ruin_ashenzari
D:4:      layout_rooms, lemuel_round_altar, nicolae_qazlal_eye_of_the_storm

Skill      XL: |  1  2  3  4  5 |
---------------+----------------+-----
Invocations    | 1 |  1.7
Short Blades   | 1 |  1.5
Long Blades    | 1 |  1.5
Axes           | 1 |  1.5
Maces & Flails | 1 |  1.5
Polearms       | 1 |  1.5
Staves         | 1 |  1.5
Slings         | 1 |  1.5
Bows           | 1 |  1.5
Crossbows      | 1 |  1.5
Throwing       | 1 |  1.5
Shields        | 1 |  1.5
Unarmed Combat | 1 |  1.5
Spellcasting   | 1 |  1.5
Conjurations   | 1 |  1.2
Hexes          | 1 |  1.2
Summonings     | 1 |  1.2
Necromancy     | 1 |  1.2
Translocations | 1 |  1.2
Transmutations | 1 |  1.2
Fire Magic     | 1 |  1.2
Ice Magic      | 1 |  1.2
Air Magic      | 1 |  1.2
Earth Magic    | 1 |  1.2
Poison Magic   | 1 |  1.2
Fighting       | 3 |  3.0
Dodging        | 3 |  3.0
Armour         | |  4.8
Stealth        | |  2.8
Evocations     | |  6.7

Action                   |  1- 3 |  4- 6 || total
-------------------------+-------+-------++-------
Melee: Club              |    65 |       ||    65
       Bite              |    20 |     3 ||    23
       Short sword       |    50 |       ||    50
       War axe           |     3 |    80 ||    83
Throw: Stone             |     8 |       ||     8
Evoke: Wand              |     2 |       ||     2
  Use: Scroll            |     2 |     6 ||     8
       Potion            |       |     1 ||     1
 Stab: Sleeping          |     4 |     8 ||    12
Armor: Leather armour    |    44 |    29 ||    73
Dodge: Dodged            |    97 |    59 ||   156
